 Dungeon Crawl Stone Soup version 0.28-a0-1227-ga9037bb4c8 (webtiles) character file.

Game seed: 14043055088400165889

56 ragingrage the Firebug (level 3, -1/52 HPs)
             Began as an Ogre Fire Elementalist on Dec 22, 2021.
             Succumbed to Terence's poison
             ... on level 2 of the Dungeon.
             The game lasted 00:02:11 (2674 turns).

ragingrage the Firebug (Ogre Fire Elementalist)     Turns: 2674, Time: 00:02:12

Health: -1/52      AC: 21    Str: 11 (12) XL:     3   Next: 97%
Magic:  1/7        EV:  1    Int: 15 (18) God:
Gold:   51         SH:  0    Dex:  7 (9)  Spells: 7/8 levels left

rFire   . . .      SeeInvis .   d - +0 mace
rCold   . . .      Faith    .   (no shield)
rNeg    . . .      Spirit   .   (armour currently unavailable)
rPois   +          Reflect  .   (helmet currently unavailable)
rElec   .          Harm     .   (cloak currently unavailable)
rCorr   .          Rampage  .   (gloves unavailable)
Will    .....      NoTele   +   (boots unavailable)
Stlth   +.........              (no amulet)
HPRegen 0.17/turn               (no ring)
MPRegen 0.10/turn               (no ring)

@: lethally poisoned (-1 -> -9), tree-form, very slightly contaminated,
invisible
A: stationary, stasis, torment immunity, boosted hp, large, unfitting armour,
(tough skin 1)
a: no special abilities


You were on level 2 of the Dungeon.
You were a tree.
You visited 1 branch of the dungeon, and saw 2 of its levels.

You collected 51 gold pieces.

Inventory:

Hand Weapons
 d - a +0 mace (weapon)
Armour
 a - a +0 robe (melded)
Scrolls
 g - a scroll of identify {unknown}
Potions
 b - a potion of might
 c - a potion of lignification
 h - a potion of cancellation {unknown}


   Skills:
 + Level 2.0 Fighting
 - Level 1.7 Dodging
 - Level 1.4 Stealth
 + Level 3.1 Spellcasting
 + Level 1.7 Conjurations
 + Level 3.2 Fire Magic


You had 7 spell levels left.
You knew the following spells:

 Your Spells              Type           Power      Damage    Failure   Level
a - Foxfire               Conj/Fire      36%        2x1d5     8%          1

Your spell library contained the following spells:

 Spells                   Type           Power      Damage    Failure   Level
 Scorch                   Fire           24%        2d6       8%          2
 Pain                     Necr           8%         1d4       21%         1
 Conjure Flame            Conj/Fire      9%         6-21      22%         3
 Blink                    Tloc           4%         N/A       30%         2
 Inner Flame              Hex/Fire       7%         N/A       30%         3
 Lesser Beckoning         Tloc           2%         N/A       52%         3
 Flame Wave               Conj/Fire      9%         2d4       58%         4
 Agony                    Necr           2%         N/A       99%         5
 Excruciating Wounds      Necr           1%         N/A       99%         5
 Manifold Assault         Tloc           2%         N/A       99%         5


Dungeon Overview and Level Annotations

Branches:
Dungeon (2/15)

Altars:

Shops:
D:2 !

Annotations:
D:2 Robin, Terence


Innate Abilities, Weirdness & Mutations

You are a tree.
Your roots penetrate the ground, keeping you stationary.
You cannot be teleported.
You are immune to unholy pain and torment.
Your maximum health is greatly increased.
Your equipment is partially melded.
You are too large for most types of armour.
((You have tough skin. (AC +1)))


Message History

Confirm with . or Enter, or press ? or * to list all spells.
You conjure some foxfire!
Terence hits you with a +2 flail of venom!
You are lethally poisoned!
Casting: Foxfire (safe; 6% risk of failure)
Confirm with . or Enter, or press ? or * to list all spells.
You don't have enough magic to cast this spell.
Casting: Foxfire (safe; 6% risk of failure)
Confirm with . or Enter, or press ? or * to list all spells.
You don't have enough magic to cast this spell.
It was a potion of lignification.
You turn into a tree.
Your +0 robe melds into your body.
Your roots penetrate the ground.
You feel very sick.
The foxfire hits Terence but does no damage.
Terence is severely wounded.
The foxfire hits Terence.
Terence is almost dead.
Terence hits you but does no damage.
Unknown command.
You closely miss Terence.
Terence is almost dead.
You feel extremely sick. Terence hits you but does no damage.
You hit Terence but do no damage.
Terence is almost dead.
* * * LOW HITPOINT WARNING * * *
You feel very sick.
Terence hits you with a +2 flail of venom.
* * * LOW HITPOINT WARNING * * *
Terence hits you but does no damage.
It was a potion of invisibility.
You fade into invisibility!
* * * LOW HITPOINT WARNING * * *
You feel very sick.
Terence hits you with a +2 flail of venom.
* * * LOW HITPOINT WARNING * * *
It was a potion of degeneration.
There was something very wrong with that liquid.
You feel weakened.
You feel dopey.
You feel clumsy.
You die...

#.# #.# .### #. #.# #.#
..# ##. #.# #.# #@# ##..
#.# ##.## #.# #...
#.######...### #.# ##.#
#....÷...#...# #.# #.#
########...#.# #.# #.#
##.##.######.# #.#
#.##.♣@.....# #.#
#........###########.#
##.#####..............
##.## #############..
##...########## #.#
#.............# #.#
###########....########.#
#.. ............#.## #.#
#.# #############.# #.#
#.#


You could see Terence.

Vanquished Creatures
  A worm (D:2)
  A dart slug (D:1)
  3 endoplasms (D:1)
  A giant cockroach (D:1)
  12 goblins
  4 hobgoblins
  2 jackals (D:1)
  4 kobolds
  2 quokkas (D:1)
  4 ball pythons
  5 bats
  6 rats
45 creatures vanquished.

Vanquished Creatures (collateral kills)
  2 foxfires (D:1)
2 creatures vanquished.

Vanquished Creatures (others)
  119 foxfires
  A fungus (D:1)
120 creatures vanquished.

Grand Total: 167 creatures vanquished

Notes
Turn   | Place    | Note
-------+----------+-------------------------------------------
     0 | D:1      | ragingrage the Ogre Fire Elementalist began the quest for
                  | the Orb.
     0 | D:1      | Reached XP level 1. HP: 16/16 MP: 3/3
    25 | D:1      | Found a faded altar of an unknown god.
   173 | D:1      | Reached skill level 1 in Conjurations
   423 | D:1      | Reached skill level 1 in Fighting
   423 | D:1      | Reached XP level 2. HP: 21/27 MP: 0/5
  1193 | D:1      | Reached XP level 3. HP: 33/33 MP: 1/7
  1882 | D:2      | Noticed Robin
  2484 | D:2      | Found Uvuoruez's Distillery.
  2532 | D:2      | Noticed Terence
  2673 | D:2      | HP: 1/52 [Terence (5)]
  2674 | D:2      | Succumbed to Terence's poison

Illustrated notes

Levels and vault maps discovered:
D:1:      dpeg_arrival_long_road, layout_loops_ring,
          shapermc_ecumenical_altar_gd, serial_forest,
          infiniplex_forest_clump_curved, infiniplex_forest_end_1,
          infiniplex_forest_clump_medium, infiniplex_forest_straight_2,
          infiniplex_forest_lined_3, infiniplex_forest_lined_corner
D:2:      layout_loops_ring, serial_shops, nicolae_shop_window_shopping,
          grunt_decor_resistance, chequers_serial_rivers_small_a, uniq_terence,
          uniq_robin

Skill      XL: |  1  2  3 |
---------------+----------+-----
Conjurations   | 1 |  1.7
Fighting       | 1 2 |  2.0
Fire Magic     | 3 |  3.2
Spellcasting   | 3 |  3.1
Dodging        | |  1.7
Stealth        | |  1.4

Action                   || total
-------------------------++-------
Melee: Unarmed           ||    23
       Mace              ||    42
 Cast: Foxfire           ||    96
  Use: Potion            ||     3
Armor: Robe              ||    32
       Skin              ||     3
Dodge: Dodged            ||    52

Table legend: (Time is in decaauts)
 A = Elapsed time spent in this place.
 B = Non-inter-level travel time spent in this place.
 C = Inter-level travel time spent in this place.
 D = Time resting spent in this place.
 E = Time spent auto-exploring this place.
 F = Levels seen in this place.
 G = Mean time per level.
                   A        B        C        D        E       F      G
               +--------+--------+--------+--------+--------+-----+--------+
         Total |   2691 |   2648 |     43 |    545 |   1609 |   2 | 1345.5 |
       Dungeon |   2691 |   2648 |     43 |    545 |   1609 |   2 | 1345.5 |
               +--------+--------+--------+--------+--------+-----+--------+

Top non-repeatable levels by time:
     D:1: 1803 daAuts
     D:2: 887 daAuts
